 Dungeon Crawl Stone Soup version 0.19-a0-714-g149a522 (webtiles) character file.

11 BrynasaurusRex the Magician (level 2, 0/17 HPs)
             Began as a High Elf Wizard on June 20, 2016.
             Slain by an adder (3 damage)
             ... on level 2 of the Dungeon.
             The game lasted 00:06:21 (417 turns).

BrynasaurusRex the Magician (High Elf Wizard)        Turns: 417, Time: 00:06:21

Health: 0/17       AC:  3    Str:  6    XL:     2   Next: 17%
Magic:  4/8        EV: 10    Int: 21    God:
Gold:   13         SH:  0    Dex: 13    Spells: 3 memorised, 4 levels left

rFire  x . .     SeeInvis .     g - +2 dagger (freeze)
rCold  + . .     Gourm    .     h - -2 ring mail (curse)
rNeg   . . .     Faith    .     (no shield)
rPois  .         Spirit   .     b - +0 hat
rElec  .         Dismiss  .     (no cloak)
rCorr  .         Reflect  .     (no gloves)
SustAt .         Harm     .     (no boots)
MR     .....                    (no amulet)
Stlth  +.........               (no ring)
                                f - ring of ice

@: lethally poisoned (0 -> -4), very slightly contaminated, not resistant to
hostile enchantments, very unstealthy
A: no striking features
a: no special abilities


You were on level 2 of the Dungeon.
You were not hungry.

You visited 1 branch of the dungeon, and saw 2 of its levels.

You collected 13 gold pieces.

Inventory:

Hand Weapons
 e - a +0 mace
 g - a +2 dagger of freezing (weapon)
Armour
 a - a +0 robe
 b - a +0 hat (worn)
 h - a cursed -2 ring mail (worn)
Jewellery
 f - a ring of ice (left hand)
Scrolls
 i - a scroll of identify
Books
 c - a book of Minor Magic

   Spells                             Type                      Level
   a - Magic Dart                     Conjuration                  1
   b - Blink                          Translocation                2
   c - Call Imp                       Summoning                    2
   d - Repel Missiles                 Charms/Air                   2
   e - Slow                           Hexes                        2
   f - Conjure Flame                  Conjuration/Fire             3
   g - Mephitic Cloud                 Conjuration/Poison/Air       3
Comestibles
 d - a bread ration


   Skills:
 + Level 2.5 Dodging
 + Level 2.3 Stealth
 + Level 4.0 Spellcasting
 + Level 1.1 Conjurations
 + Level 0.8 Summonings
 + Level 1.1 Translocations


You had 4 spell levels left.
You knew the following spells:

 Your Spells              Type           Power        Failure   Level  Hunger
a - Magic Dart            Conj           #...         34%         1    None
b - Call Imp              Summ           #.......     63%         2    #......
c - Blink                 Tloc           N/A          50%         2    #......


Dungeon Overview and Level Annotations

Branches:
Dungeon (2/15)

Altars:


Message History

An adder comes into view.
The bat hits you. The bat hits you. The bat barely misses you.
The bat hits you but does no damage.
Your ring mail prevents you from hitting the bat.
The bat hits you but does no damage. The adder bites you.
You are poisoned.
The adder poisons you! The adder bites you.
You feel sick. The bat barely misses you. The adder bites you.
* * * LOW HITPOINT WARNING * * *
You hit the adder. You freeze the adder.
The adder is moderately wounded.
The bat barely misses you. The bat closely misses you.
The adder bites you but does no damage.
You miss the adder.
The adder is moderately wounded.
The bat closely misses you. The bat hits you but does no damage.
The adder barely misses you. The adder bites you.
You die...

#.# #####† #.# ##.....
##+## #...... ##...##
#$.###. ##....(##
#..###. # ##.......##
#.$....
..##.#.........###....##
...............'.......#
..#...S@.......###..<...
#...#.......## ##.....
#......b.....## #...##
........#...## #.###
#.......##+## #.#
###...### #.# #... #.#
#### #.


You could see an adder and a bat.

Vanquished Creatures
  A goblin (D:1)
  2 hobgoblins (D:1)
  2 jackals (D:2)
  2 kobolds
  A quokka (D:2)
  A bat (D:1)
9 creatures vanquished.

Notes
Turn   | Place    | Note
--------------------------------------------------------------
     0 | D:1      | BrynasaurusRex the High Elf Wizard began the quest for the Orb.
     0 | D:1      | Reached XP level 1. HP: 11/11 MP: 6/6
   321 | D:2      | Reached skill level 4 in Spellcasting
   364 | D:2      | Reached XP level 2. HP: 15/17 MP: 8/8
   368 | D:2      | Learned a level 2 spell: Call Imp
   371 | D:2      | Learned a level 2 spell: Blink
   417 | D:2      | Slain by an adder

Vault maps used:
D:1:      lightli_arrival_noodles, item_on_display_a
D:2:      serial_bayou_crossing

Skill      XL: |  1 |
---------------+----+-----
Spellcasting   | 4 |  4.0
Dodging        | |  2.5
Stealth        | |  2.3
Conjurations   | |  1.1
Summonings     | |  0.8
Translocations | |  1.1

Action                   || total
-------------------------++-------
Melee: Dagger            ||    15
       Mace              ||     4
 Cast: Magic Dart        ||     8
  Use: Scroll            ||     1
Armor: Ring mail         ||     5
Dodge: Dodged            ||    17
